Map: Blackburn LE

Players

Scarlett - Winner!

  • Race: Zerg Zerg

ByuN

  • Race: Terran Terran

Event: TSL 8

VOD

Have the link to the VOD?

Description

Time

  • Played on: Nov. 27, 2021, 11:26 a.m.
  • Length: 3:59

All games in this series

Show
View Real Time Build Order
Export as new Build Order

Scarlett Zerg - Winner!

Build Orders: 1 Base Baneling Bust, Pool Only, Zergling Baneling 

Get SALT Encoding   

  12  0:00  Drone  
  13  0:08  Drone  
  13  0:14  Drone, Extractor  
  14  0:31  Spawning Pool  
  14  0:34  Drone  
  14  0:43  Overlord  
  14  0:52  Drone, Extractor  
  15  1:01  Drone  
  16  1:17  Zergling x2, Queen  
  19  1:20  Metabolic Boost  
  19  1:25  Zergling x2  
  20  1:29  Zergling x2  
  21  1:33  Zergling x2  
  22  1:41  Overlord  
  22  1:52  Baneling Nest  
  21  1:58  Zergling x2  
  21  2:03  Zergling x2  
  21  2:13  Zergling x2  
  22  2:24  Zergling x2  
  23  2:33  Zergling x6  
  23  2:35  Zergling x2  
  27  2:46  Zergling x2  
  28  2:58  Zergling x2  
  28  2:59  Baneling x8  
  28  3:01  Zergling x4  
  28  3:05  Baneling  
  30  3:06  Baneling  
  30  3:10  Overlord  
  27  3:20  Zergling x4  
  27  3:26  Baneling  
  28  3:34  Zergling x6  
Show
View Real Time Build Order
Export as new Build Order

ByuN Terran 

Build Orders:  

Get SALT Encoding   

  12  0:00  SCV  
  13  0:12  SCV  
  14  0:17  Supply Depot  
  14  0:24  SCV  
  15  0:39  Barracks  
  15  0:50  Barracks  
  15  0:53  SCV  
  16  1:05  SCV  
  16  1:07  Refinery  
  17  1:18  SCV  
  18  1:26  Marine  
  18  1:30  Orbital Command  
  18  1:32  Supply Depot  
  19  1:37  Marine  
  20  1:44  Marine  
  21  1:55  Marine  
  21  1:58  SCV  
  22  2:02  Marine  
  22  2:13  Marine  
  22  2:14  Factory  
  23  2:17  SCV  
  25  2:24  Supply Depot  
  25  2:30  SCV  
  25  2:40  Bunker  
  25  2:42  SCV  
  26  2:54  SCV  
  26  2:58  Hellion  
  23  3:06  SCV  
  23  3:08  Engineering Bay  
  24  3:17  Engineering Bay  
  24  3:31  Hellion  
  14  3:38  SCV  
Tags
 
Add a new tag
Caveats
  • Supply blocks, unpowered buildings, or Contaminate may cause inaccurate times.
  • Supply counts are checked every 10 seconds.